 Dungeon Crawl Stone Soup version 0.25.1-9-gc5326a611f (webtiles) character file.

Game seed: 1661364056409478223

6150 hawla the Thaumaturge (level 10, -9/69 HPs)
             Began as a Red Draconian Conjurer on Dec 24, 2020.
             Was a Believer of Vehumet.
             Engulfed by a cloud of freezing vapour (23 damage)
             ... on level 8 of the Dungeon.
             The game lasted 00:36:04 (12076 turns).

hawla the Thaumaturge (Red Draconian Conjurer)     Turns: 12076, Time: 00:36:05

Health: -9/69      AC:  8    Str: 18    XL:     10   Next: 59%
Magic:  11/25      EV: 27    Int: 18    God:    Vehumet [**....]
Gold:   609        SH:  0    Dex: 11    Spells: 24/31 levels left

rFire    + . .     SeeInvis +   t - +10 quarterstaff of Kimm {vorpal, +Inv SInv Stlth+}
rCold    . . .     Gourm    .   (shield currently unavailable)
rNeg     . . .     Faith    .   (armour unavailable)
rPois    .         Spirit   .   (helmet restricted)
rElec    .         Reflect  .   j - +0 cloak
rCorr    .         Harm     .   (no gloves)
MR       .....                  (no boots)
Stlth    +++.......             p - amulet of the acrobat
HPRegen  0.21/turn              a - ring of wizardry
MPRegen  0.19/turn              g - +6 ring of strength

@: acrobat, slowed, very slow
A: breathe fire, unfitting armour, fire resistance 1, cold-blooded, AC +7
a: Breathe Fire, Renounce Religion, Evoke Invisibility


You were on level 8 of the Dungeon.
You worshipped Vehumet.
Vehumet was pleased with you.
You were not hungry.

You visited 2 branches of the dungeon, and saw 9 of its levels.
You also visited: Sewer and Ossuary.

You collected 609 gold pieces.

Inventory:

Hand Weapons
 q - a +0 quarterstaff
 t - the +10 quarterstaff of Kimm (weapon) {vorpal, +Inv SInv Stlth+}
   (You found it on level 4 of the Dungeon)

   It inflicts extra damage upon your enemies.
   It lets you see invisible.
   It lets you turn invisible.
   It makes you more stealthy.
 y - a +2 hand axe of chaos
Missiles
 e - 8 boomerangs (quivered)
 h - 6 atropa-tipped darts
 H - a throwing net
Armour
 j - a +0 cloak (worn)
Jewellery
 a - a ring of wizardry (left hand)
 g - a +6 ring of strength (right hand)
 p - an amulet of the acrobat (around neck)
 x - an uncursed ring of wizardry
 F - an uncursed ring of protection from magic {unknown}
Wands
 s - a wand of paralysis (15)
 u - a wand of clouds (7)
 v - a wand of disintegration (9)
 J - a wand of acid (6)
Scrolls
 f - a scroll of immolation {unknown}
 i - 5 scrolls of identify
 k - a scroll of blinking {unknown}
 m - a scroll of amnesia
 w - 6 scrolls of remove curse
 A - 3 scrolls of fog
 C - 2 scrolls of enchant armour {unknown}
 E - 2 scrolls of teleportation
 K - 2 scrolls of magic mapping
Potions
 c - 2 potions of heal wounds
 d - a potion of flight
 l - 2 potions of curing
 n - 2 potions of stabbing
 o - 7 potions of might
 r - a potion of lignification
 z - 2 potions of berserk rage
 B - 2 potions of haste {unknown}
 D - 3 potions of brilliance
 G - a potion of ambrosia {unknown}
 I - a potion of degeneration {unknown}
 L - a potion of mutation {unknown}
Comestibles
 b - 4 rations
 M - 5 chunks of flesh


   Skills:
 + Level 7.9 Staves
 - Level 1.7 Dodging
 - Level 1.7 Stealth
 + Level 11.3 Spellcasting
 - Level 7.0 Conjurations
 - Level 3.0 Translocations


You had 24 spell levels left.
You knew the following spells:

 Your Spells              Type           Power        Failure   Level  Hunger
a - Magic Dart            Conj           ####         1%          1    None
b - Searing Ray           Conj           #####.       1%          2    None
c - Iskenderun's Mystic   Conj/Tloc      ####....     3%          4    ##.....

Your spell library contained the following spells:

 Spells                   Type           Power        Failure   Level  Hunger
 Shock                    Conj/Air       ###.         1%          1    None
 Dazzling Flash           Conj/Hex       ###...       1%          3    None
 Fulminant Prism          Conj/Hex       ###.......   6%          4    ##.....


Dungeon Overview and Level Annotations

Branches:
Dungeon (8/15)             Temple (1/1) D:7           Sewer (visited)
Ossuary (visited)
   Lair: D:8-11

Altars:
Ashenzari
Cheibriados
Dithmenos
Elyvilon
Fedhas
Gozag
Hepliaklqana
Kikubaaqudgha
Makhleb
Nemelex Xobeh
Okawaru
Qazlal
Ru
Sif Muna
Trog
Uskayaw
Vehumet
Wu Jian
Xom
Yredelemnul
Zin
The Shining One
Beogh

Shops:
D:4 }

Annotations:
D:1 Free the trapped centaur and kill it.
D:7 Axe!


Innate Abilities, Weirdness & Mutations

You can breathe blasts of fire.
Your fiery red scales are hard. (AC +7)
You cannot fit into any form of body armour.
Your flesh is heat resistant. (rF+)
You are cold-blooded and may be slowed by cold attacks.


Message History

Confirm with . or Enter, or press ? or * to list all spells.
Aiming: Searing Ray (safe; 1% risk of failure)
Press: ? - help, Shift-Dir - straight line, f/p - Erica
Aim: Erica, wielding a +3 scimitar of flaming, wearing a +1 robe and carrying a wand of clouds (3) (almost dead, slightly transparent)
The searing ray hits Erica.
Erica is almost dead. (Press . to maintain the ray.)
You are engulfed in freezing vapours.
The searing ray hits Erica!
You kill Erica!
Vehumet accepts your kill.
You feel your power returning.
You are engulfed in freezing vapours.
* * * LOW HITPOINT WARNING * * *
You feel much better.
You are engulfed in freezing vapours.
Ouch! That really hurt!
* * * LOW HITPOINT WARNING * * *
You feel much better.
You are engulfed in freezing vapours.
* * * LOW HITPOINT WARNING * * *
You are engulfed in freezing vapours.
You die...

#..#
#.#.#.######..#
##..###.#.#.#
#..#
........#.#.#
#..#
##..#####...#
#..# #..# ###.#
#§.# #..# #(###
#§@# ##..#
#...# #§.#
....#
#.#§####..#
##(##
#.§§○§@)..#
)<.#
###§#####.#
#### #.# #.#
#.# #.# #.# #.#
####.# #.#
#.÷..# #.#
#.#### #.# #.#
#.#


There were no monsters in sight!

Vanquished Creatures
  Erica (D:8)
  A dancing weapon (D:7)
  The ghost of Snicker the Insei, a novice OpTm of Gozag (D:7)
  Maggie (D:8)
  Sigmund (D:2)
  A water moccasin (D:8)
  2 ice beasts (D:5)
  6 orc warriors
  A phantom (D:7)
  4 ogres
  A sky beast (D:5)
  4 centaurs
  2 big kobolds
  3 bullfrogs
  4 scorpions
  A howler monkey (D:4)
  3 bullfrog zombies (Ossuary)
  9 crimson imps
  3 centaur zombies (Ossuary)
  2 jellies
  3 orc priests (D:8)
  2 bullfrog skeletons
  4 hounds
  5 orc wizards
  Crazy Yiuf (D:2)
  15 mummies (Ossuary)
  2 iguanas
  2 worker ants
  2 killer bee zombies (Ossuary)
  2 hound zombies (Ossuary)
  A hound skeleton (D:6)
  2 howler monkey zombies
  5 worker ant zombies
  14 adders
  A howler monkey skeleton (D:5)
  2 river rats (Sewer)
  A shadow imp (D:6)
  A white imp (D:4)
  3 adder zombies
  An adder skeleton (D:5)
  3 worms
  5 dart slugs
  4 leopard geckos
  38 orcs
  5 giant cockroaches
  2 goblins
  4 hobgoblins
  9 jackals
  4 quokkas (D:2)
  2 ball pythons
  6 bats
  3 frilled lizards
  2 jackal zombies (Ossuary)
  10 kobolds
  A leopard gecko skeleton (D:7)
  A leopard gecko zombie (Ossuary)
  2 quokka skeletons
  A quokka zombie (Ossuary)
  8 rats
  A fungus (D:2)
231 creatures vanquished.

Vanquished Creatures (others)
  2 withered plants (Ossuary)
2 creatures vanquished.

Grand Total: 233 creatures vanquished

Notes
Turn   | Place    | Note
-------+----------+-------------------------------------------
     0 | D:1      | hawla the Draconian Conjurer began the quest for the Orb.
     0 | D:1      | Reached XP level 1. HP: 14/14 MP: 3/3
     8 | D:1      | Noticed a centaur
   272 | D:1      | Reached XP level 2. HP: 9/20 MP: 0/5
   282 | D:1      | Learned a level 2 spell: Searing Ray
  1197 | D:2      | Found a faded altar of an unknown god.
  1288 | D:2      | Reached XP level 3. HP: 24/26 MP: 1/6
  1764 | D:2      | Noticed Sigmund
  1780 | D:2      | Killed Sigmund
  1780 | D:2      | Reached skill level 3 in Spellcasting
  1780 | D:2      | Reached XP level 4. HP: 10/33 MP: 0/9
  1780 | D:2      | Reached XP level 5. HP: 12/38 MP: 0/10
  1824 | D:2      | Learned a level 4 spell: Iskenderun's Mystic Blast
  2025 | D:2      | Found a sparkling altar of Nemelex Xobeh.
  2387 | D:2      | Found a runed translucent door.
  2388 | D:2      | Noticed Crazy Yiuf
  2394 | D:2      | Killed Crazy Yiuf
  2521 | D:3      | Found a glowing drain.
  2535 | Sewer    | Entered a sewer
  2548 | Sewer    | Reached skill level 1 in Translocations
  2548 | Sewer    | Reached XP level 6. HP: 34/45 MP: 1/11
  2885 | Sewer    | Found a white marble altar of Elyvilon.
  3064 | D:3      | Reached skill level 4 in Spellcasting
  3507 | D:3      | Your scales start taking on a fiery red colour.
  3507 | D:3      | Reached XP level 7. HP: 50/50 MP: 4/13
  3507 | D:3      | Gained mutation: Your flesh is heat resistant. (rF+) [Red
                  | Draconian growth]
  3851 | D:3      | Found a sacrificial altar of Ru.
  4302 | D:4      | Found Elutops's Gadget Emporium.
  4377 | D:4      | Got a masterwork quarterstaff
  4378 | D:4      | Identified the +10 quarterstaff of Kimm {vorpal, +Inv SInv
                  | Stlth+} (You found it on level 4 of the Dungeon)
  4899 | D:5      | Entered Level 5 of the Dungeon
  4902 | D:5      | Reached skill level 1 in Staves
  4906 | D:5      | Reached skill level 5 in Spellcasting
  5049 | D:5      | Reached XP level 8. HP: 57/57 MP: 4/16
  5450 | D:5      | Reached skill level 6 in Spellcasting
  6104 | D:6      | Reached skill level 5 in Staves
  6402 | D:6      | Found a shattered altar of Ashenzari.
  6432 | D:6      | Reached skill level 7 in Spellcasting
  7415 | D:7      | Found a runed translucent door.
  7497 | D:7      | Reached XP level 9. HP: 54/62 MP: 19/19
  7598 | D:7      | Got a translucent mace
  7599 | D:7      | Identified the +8 mace of the Glowing Sybil {vorpal, *Slow
                  | rN+ Str+2} (You found it on level 7 of the Dungeon)
  7664 | D:7      | Found a staircase to the Ecumenical Temple.
  7675 | Temple   | Entered the Ecumenical Temple
  7924 | Temple   | Became a worshipper of Vehumet
  8272 | D:7      | Found a shimmering altar of Xom.
  8272 | D:7      | Noticed Snicker's ghost (novice OpTm)
  8273 | D:7      | Noticed a +2 hand axe of chaos
  8691 | D:7      | Killed Snicker's ghost
  9049 | D:7      | Reached skill level 8 in Spellcasting
  9313 | D:7      | Killed a +2 hand axe of chaos
  9313 | D:7      | Reached skill level 9 in Spellcasting
  9618 | D:8      | Found a sand-covered staircase.
  9623 | Ossuary  | Entered an ossuary
  9789 | Ossuary  | Reached * piety under Vehumet
  9789 | Ossuary  | Offered knowledge of Foxfire by Vehumet.
 10118 | Ossuary  | Reached skill level 10 in Spellcasting
 10225 | Ossuary  | Reached XP level 10. HP: 69/69 MP: 19/24
 10727 | D:8      | Offered knowledge of Shock by Vehumet.
 10847 | D:8      | Reached ** piety under Vehumet
 10861 | D:8      | Noticed Maggie
 10870 | D:8      | Killed Maggie
 11339 | D:8      | Reached skill level 11 in Spellcasting
 11383 | D:8      | Found a roughly hewn altar of Beogh.
 12042 | D:8      | Noticed Erica
 12073 | D:8      | Killed Erica
 12076 | D:8      | Engulfed by a cloud of freezing vapour

Illustrated notes

Levels and vault maps discovered:
D:1:      evilmike_arrival_come_back, layout_basic
D:2:      layout_basic, chequers_ecumenical_altar_grove, first_ration,
          nemelex_spade_bored_becter, uniq_crazy_yiuf_cottage, uniq_sigmund
D:3:      layout_loops_ring, lemuel_round_altar, cheibrodos_sewer_entry_drain
D:4:      layout_rooms, serial_shops, shop_coins, st_stairs_13,
          minmay_fire_ice_demons
D:5:      layout_rooms, serial_bayou_lagoon_a
D:6:      wander_river, layout_basic, ashenzari_altar_1
D:7:      layout_gridville, temple_fountains, ebering_ghost_xom, st_stairs_6
D:8:      layout_loops_ring, special_room [special_room_orc], enter_ossuary_5,
          uniq_maggie, uniq_erica
Temple:   nicolae_temple_the_god_donut

Skill      XL: |  1  2  3  4  5  6  7  8  9 10 |
---------------+-------------------------------+-----
Spellcasting   | 3 4 5 7 10 11 | 11.3
Conjurations   | 6 7 |  7.0
Translocations | 1 2 3 |  3.0
Staves         | 3 5 7 |  7.9
Dodging        | |  1.7
Stealth        | |  1.7

Action                   |  1- 3 |  4- 6 |  7- 9 | 10-12 || total
-------------------------+-------+-------+-------+-------++-------
Melee: Unarmed           |    14 |    30 |       |       ||    44
       Tailslap          |     3 |    14 |    12 |     6 ||    35
       Quarterstaff      |       |    55 |    98 |    42 ||   195
Throw: Dart              |     2 |       |       |       ||     2
 Cast: Magic Dart        |    33 |    17 |    83 |    22 ||   155
       Searing Ray       |     8 |    15 |    74 |    36 ||   133
       Iskenderun's Myst |       |     5 |    23 |     8 ||    36
 Abil: Breathe Fire      |       |       |     4 |       ||     4
       Evoke Invisibilit |       |       |     1 |       ||     1
  Use: Potion            |     2 |     2 |     1 |     3 ||     8
       Scroll            |       |     4 |    13 |       ||    17
 Stab: Invisible         |     1 |       |       |       ||     1
       Sleeping          |       |       |     2 |       ||     2
  Eat: Chunk             |     3 |     8 |    16 |     4 ||    31
       Ration            |       |       |     3 |       ||     3
Armor: Skin              |     9 |    30 |    47 |    13 ||    99
Dodge: Dodged            |    20 |    51 |   129 |    48 ||   248
